 Dungeon Crawl Stone Soup version 0.30-a0-578-gdee14c521f (webtiles) character file.

Game seed: 17344910008819193070

2095 ryw the Cleaver (level 9, -1/73 (74) HPs)
             Began as a Hill Orc Necromancer on Dec 31, 2022.
             Was an Initiate of Kikubaaqudgha.
             Splashed by a jelly's acid (7 damage)
             ... on level 7 of the Dungeon.
             The game lasted 00:18:05 (7488 turns).

ryw the Cleaver (Hill Orc Necromancer)              Turns: 7488, Time: 00:18:05

HP:   -1/73 (74)    AC:  8    Str: 25    XL:     9   Next: 27%
MP:   13/13         EV: 12    Int: 17    God:    Kikubaaqudgha [......]
Gold: 186           SH:  0    Dex: 11    Spells: 5/13 levels left

rFire   . . .      SeeInvis +    q - +2 hand axe (flame)
rCold   . . .      Faith    +    (no shield)
rNeg    . . .      Spirit   .    t - +2 leather armour {Will+}
rPois   .          Reflect  .    l - +2 helmet {SInv}
rElec   .          Harm     .    (no cloak)
rCorr   .          Rampage  .    (no gloves)
Will    +....                    (no boots)
Stlth   +                        d - amulet of faith
HPRegen 0.32/turn                y - +6 ring of strength
MPRegen 0.13/turn                a - +6 ring of strength

@: lightly drained
A: no striking features
a: Renounce Religion


You were on level 7 of the Dungeon.
You worshipped Kikubaaqudgha.
Kikubaaqudgha was noncommittal.
You visited 1 branch of the dungeon, and saw 7 of its levels.

You collected 377 gold pieces.
You spent 191 gold pieces at shops.

Inventory:

Hand Weapons
 q - a +2 hand axe of flaming (weapon)
 w - a +0 war axe
Missiles
 c - 2 poisoned darts
Armour
 l - a +2 helmet of see invisible (worn)
 t - a +2 leather armour of willpower (worn)
Jewellery
 a - a +6 ring of strength (right hand)
 d - an amulet of faith (around neck)
 i - a ring of flight
 y - a +6 ring of strength (left hand)
Wands
 h - a wand of roots (6)
 m - a wand of digging (6)
 x - a wand of charming (10)
Scrolls
 j - 2 scrolls of enchant weapon
 o - a scroll of teleportation
 p - a scroll of torment {unknown}
 r - a scroll of amnesia
 u - 2 scrolls of immolation
 v - a scroll of brand weapon
Potions
 b - 2 potions of magic
 e - 2 potions of lignification
 f - 3 potions of flight
 g - a potion of brilliance
 k - 2 potions of might
 n - a potion of curing
 s - a potion of mutation


   Skills:
 + Level 5.4 Fighting
 * Level 9.3 Axes
 + Level 4.5 Armour
 + Level 4.1 Dodging
 - Level 1.5 Stealth
 + Level 2.7 Spellcasting
 * Level 5.8 Necromancy


You had 5 spell levels left.
You knew the following spells:

 Your Spells              Type           Power      Damage    Failure   Level
a - Necrotise             Necr           88%        1d8       1%          1
b - Vampiric Draining     Necr           22%        2d7       5%          3
c - Animate Dead          Necr           22%        N/A       19%         4

Your spell library contained the following spells:

 Spells                   Type           Power      Damage    Failure   Level
 Blink                    Tloc           4%         N/A       30%         2
 Scorch                   Fire           4%         2d5       30%         2
 Agony                    Necr           22%        N/A       45%         5
 Kindle Blastsparks       Fire/Tloc/Air  4%         2d10      52%         3
 Flame Wave               Conj/Fire      2%         2d4       89%         4
 Fulminant Prism          Conj/Hex       1%         3d5       89%         4
 Iskenderun's Mystic Bla  Conj/Tloc      2%         2d3       89%         4
 Manifold Assault         Tloc           2%         N/A       89%         4
 Lee's Rapid Deconstruct  Erth           1%         3d4*      99%         5
 Summon Cactus Giant      Summ           1%         N/A       100%        6
 Storm Form               Tmut/Air       1%         N/A       100%        7


Dungeon Overview and Level Annotations

Branches:
Dungeon (7/15)             Temple (0/1) D:6

Altars:
Gozag
Kikubaaqudgha
Nemelex Xobeh
Okawaru
Sif Muna
Vehumet
Yredelemnul

Shops:
D:2 (   D:5 (   D:6 *

Annotations:
D:2 1 runed translucent door, Crazy Yiuf


Message History

You feel very sick.
The water moccasin attacks as you move away!
The water moccasin barely misses you. The wight attacks as you move away!
The wight barely misses you.
You feel sick.
Your reaping aura expires.
You feel sick.
The water moccasin bites you but does no damage.
Your surroundings suddenly seem different.
A bullfrog, a centaur and a jelly come into view.
Found a stone staircase leading down.
You feel sick.
The centaur shouts!
You feel better.
The centaur wields a +0 shortbow.
The centaur shoots an arrow.
The arrow hits you!
* * * LOW HITPOINT WARNING * * *
The jelly quivers.
The centaur shoots an arrow.
The arrow hits you!
* * * LOW HITPOINT WARNING * * *
The centaur shoots an arrow.
The arrow hits you.
* * * LOW HITPOINT WARNING * * *
The bullfrog croaks.
The centaur shoots an arrow.
The arrow misses you.
The arrow hits the jelly.
The centaur unwields a +0 shortbow.
The centaur barely misses you. The centaur misses you.
The centaur closely misses you.
The centaur kicks you but does no damage.
You feel better. The bullfrog hits you.
* * * LOW HITPOINT WARNING * * *
The centaur barely misses you. The centaur completely misses you.
You slash the centaur! You burn the centaur.
The centaur is heavily wounded.
You hit the jelly. You burn the jelly.
Your hands burn!
* * * LOW HITPOINT WARNING * * *
You closely miss the bullfrog. The bullfrog hits you.
* * * LOW HITPOINT WARNING * * *
The centaur barely misses you.
The centaur kicks you but does no damage.
The jelly hits you.
* * * LOW HITPOINT WARNING * * *
You are splashed with acid!
You die...
Kikubaaqudgha rasps: "You have failed me!
Welcome... death!"

# .....## . #
...........#.# [.
#.# ...........#.
$T.W#.#
............#
⌠..c..W
...........#. #
...........# #
...........## #
...>........##
......c@J....#
........F.....# .
.....#.##.........
.. ...# ##
#......... .. ..
.......... .. #
##......... ..
#......... ..
........## .. ..


You could see a bullfrog, a centaur and a jelly.

Vanquished Creatures
  Sigmund (D:5)
  Eustachio (D:3)
  2 water moccasins
  Duvessa (D:4)
  An ice beast (D:5)
  4 ogres
  A centaur (D:5)
  A phantom (D:3)
  A bullfrog (D:6)
  A necrophage (D:7)
  A scorpion (D:5)
  Dowan (D:4)
  10 hounds
  2 orc priests
  Terence (D:2)
  An iguana (D:7)
  2 orc wizards
  3 gnolls (D:4)
  6 adders
  A white imp (D:6)
  5 worms
  5 dart slugs
  24 orcs
  6 endoplasms
  8 giant cockroaches
  7 goblins
  4 hobgoblins
  3 jackals
  7 kobolds
  3 quokkas
  10 ball pythons
  7 bats
  A frilled lizard (D:1)
  6 rats
138 creatures vanquished.

Vanquished Creatures (others)
  A gnoll (D:4)
  8 fungi (D:4)
  A plant (D:4)
10 creatures vanquished.

Grand Total: 148 creatures vanquished

Notes
Turn   | Place    | Note
-------+----------+-------------------------------------------
     0 | D:1      | ryw the Hill Orc Necromancer began the quest for the Orb.
     0 | D:1      | Reached XP level 1. HP: 14/14 MP: 3/3
   124 | D:1      | Reached skill level 1 in Fighting
   176 | D:1      | Reached XP level 2. HP: 6/23 MP: 0/4
   642 | D:1      | Reached XP level 3. HP: 23/29 MP: 5/5
   964 | D:2      | Reached skill level 1 in Armour
  1058 | D:2      | Found Xauhirio's Weapon Emporium.
  1144 | D:2      | Noticed Terence
  1435 | D:2      | Found a runed translucent door.
  1436 | D:2      | Noticed Crazy Yiuf
  1469 | D:2      | Found a basalt altar of Yredelemnul.
  1492 | D:2      | Reached XP level 4. HP: 37/37 MP: 6/6
  1704 | D:2      | Killed Terence
  2257 | D:3      | Reached XP level 5. HP: 41/45 MP: 7/7
  2959 | D:3      | Found a sparkling altar of Nemelex Xobeh.
  3042 | D:4      | Noticed an ogre
  3091 | D:4      | Noticed Duvessa
  3091 | D:4      | Noticed Dowan
  3165 | D:3      | Reached XP level 6. HP: 52/52 MP: 8/8
  3208 | D:2      | Bought a +2 hand axe of flaming for 191 gold pieces
  3216 | D:2      | Learned a level 3 spell: Vampiric Draining
  3361 | D:3      | Reached skill level 1 in Axes
  3438 | D:4      | Noticed Eustachio
  3501 | D:3      | Reached skill level 2 in Axes
  3583 | D:3      | Killed Eustachio
  3584 | D:3      | Reached skill level 4 in Axes
  3771 | D:3      | Reached skill level 5 in Axes
  3771 | D:3      | Reached XP level 7. HP: 32/58 MP: 9/9
  3937 | D:4      | Killed Duvessa
  3938 | D:4      | Reached skill level 6 in Axes
  4072 | D:4      | Killed Dowan
  4073 | D:4      | Reached skill level 7 in Axes
  4138 | D:4      | Learned a level 4 spell: Animate Dead
  4734 | D:4      | Reached XP level 8. HP: 62/66 MP: 5/10
  4801 | D:5      | Entered Level 5 of the Dungeon
  5455 | D:5      | Found Dobe's Antique Weapon Emporium.
  5614 | D:5      | Reached skill level 8 in Axes
  5695 | D:5      | Noticed Sigmund
  5707 | D:5      | Killed Sigmund
  5743 | D:5      | Found an ancient bone altar of Kikubaaqudgha.
  5915 | D:5      | Became a worshipper of Kikubaaqudgha
  6141 | D:6      | Found a staircase to the Ecumenical Temple.
  6221 | D:6      | Reached skill level 5 in Necromancy
  6348 | D:5      | Reached skill level 5 in Fighting
  6413 | D:5      | Reached XP level 9. HP: 72/74 MP: 12/12
  6519 | D:6      | Found a radiant altar of Vehumet.
  6542 | D:6      | Reached skill level 9 in Axes
  6714 | D:6      | Found an opulent altar of Gozag.
  6866 | D:6      | Found Jiub's General Store.
  7439 | D:7      | Found a shimmering blue altar of Sif Muna.
  7442 | D:7      | Noticed a boulder beetle
  7474 | D:7      | Found a shimmering blue altar of Sif Muna.
  7474 | D:7      | Found an iron altar of Okawaru.
  7474 | D:7      | Found a basalt altar of Yredelemnul.
  7474 | D:7      | Noticed a cyclops
  7475 | D:7      | Noticed a troll
  7488 | D:7      | Splashed by a jelly's acid

Illustrated notes

Levels and vault maps discovered:
D:1:      amcnicky_arrival_wind_blow, layout_loops_ring
D:2:      layout_basic, serial_shops, nicolae_shop_stone, basic_altar,
          kennysheep_generic_room_9, uniq_terence, uniq_crazy_yiuf_cottage
D:3:      layout_basic, mainiacjoe_overflow_alcove_1
D:4:      layout_rooms, chequers_big_river, dreamdust_gnoll_farm, uniq_duvessa,
          uniq_eustachio
D:5:      layout_basic, lemuel_coloured_pillars_altar, kennysheep_windowed_goal,
          uniq_sigmund
D:6:      layout_loops_ring, mainiacjoe_overflow_six_doors_small,
          nicolae_vehumet_radiance, minmay_temple_entry_poolview, serial_shops,
          nicolae_shop_window_shopping
D:7:      minmay_the_grid_octo_2x2 [minmay_the_grid_octo_shrine,
          minmay_the_grid_octo_fan_narrow, minmay_the_grid_octo_tetromino_candy,
          minmay_the_grid_octo_prize_big_c], layout_cave_pools

Skill      XL: |  1  2  3  4  5  6  7  8  9 |
---------------+----------------------------+-----
Fighting       | 1 2 3 4 5 |  5.4
Dodging        | 2 3 4 |  4.1
Armour         | 1 2 3 4 |  4.5
Axes           | 5 7 8 9 |  9.3
Spellcasting   | 2 |  2.7
Necromancy     | 5 |  5.8
Stealth        | |  1.5

Action                   |  1- 3 |  4- 6 |  7- 9 || total
-------------------------+-------+-------+-------++-------
Melee: Unarmed           |    28 |       |       ||    28
       Club              |   140 |       |       ||   140
       Short sword       |    16 |   145 |       ||   161
       Punch             |     2 |     3 |     4 ||     9
       Hand axe          |       |    37 |   266 ||   303
 Cast: Necrotise         |    13 |       |     6 ||    19
       Vampiric Draining |       |       |    11 ||    11
       Animate Dead      |       |       |     1 ||     1
Evoke: Wand              |       |       |     3 ||     3
  Use: Scroll            |     3 |     4 |    10 ||    17
       Potion            |       |     4 |     2 ||     6
 Stab: Sleeping          |       |       |     2 ||     2
Armor: Scale mail        |   122 |    16 |       ||   138
       Robe              |     3 |       |       ||     3
       Ring mail         |       |    69 |    32 ||   101
       Leather armour    |       |       |    62 ||    62
Dodge: Dodged            |   120 |   130 |   157 ||   407

Table legend: (Time is in decaauts)
 A = Elapsed time spent in this place.
 B = Non-inter-level travel time spent in this place.
 C = Inter-level travel time spent in this place.
 D = Time resting spent in this place.
 E = Time spent auto-exploring this place.
 F = Levels seen in this place.
 G = Mean time per level.
                   A        B        C        D        E       F      G
               +--------+--------+--------+--------+--------+-----+--------+
         Total |   7525 |   6900 |    625 |   1135 |   4100 |   7 | 1075.0 |
       Dungeon |   7525 |   6900 |    625 |   1135 |   4100 |   7 | 1075.0 |
               +--------+--------+--------+--------+--------+-----+--------+

Top non-repeatable levels by time:
     D:3: 1639 daAuts
     D:2: 1432 daAuts
     D:5: 1402 daAuts
     D:6: 970 daAuts
     D:1: 963 daAuts
     D:4: 829 daAuts
     D:7: 287 daAuts
